 Dungeon Crawl Stone Soup version 0.28.0 (webtiles) character file.

Game seed: 4973738222088779752

88 Sanktem7 the Covered (level 4, -3/40 HPs)
             Began as a Minotaur Fighter on Feb 12, 2022.
             Slain by Menkaure (11 damage)
             ... on level 4 of the Dungeon.
             The game lasted 00:04:07 (2754 turns).

Sanktem7 the Covered (Minotaur Fighter)             Turns: 2754, Time: 00:04:07

Health: -3/40      AC:  7    Str: 22    XL:     4   Next: 29%
Magic:  3/3        EV:  9    Int:  5    God:
Gold:   115        SH:  4    Dex: 10    Spells: 3/3 levels left

rFire   . . .      SeeInvis .   a - +0 war axe
rCold   . . .      Faith    .   c - +0 buckler
rNeg    . . .      Spirit   .   b - +0 scale mail
rPois   .          Reflect  .   (helmet restricted)
rElec   .          Harm     .   (no cloak)
rCorr   .          Rampage  .   (no gloves)
Will    .....                   (no boots)
Stlth   ..........              (no amulet)
HPRegen 0.13/turn               (no ring)
MPRegen 0.08/turn               (no ring)

@: no status effects
A: horns 2, retaliatory headbutt
a: no special abilities


You were on level 4 of the Dungeon.
You visited 1 branch of the dungeon, and saw 4 of its levels.

You collected 115 gold pieces.

Inventory:

Hand Weapons
 a - a +0 war axe (weapon)
Missiles
 h - 5 javelins (quivered)
Armour
 b - a +0 scale mail (worn)
 c - a +0 buckler (worn)
Scrolls
 e - a scroll of magic mapping {unknown}
 f - a scroll of identify {unknown}
 j - a scroll of fog {unknown}
 k - 2 scrolls of immolation {unknown}
 l - 2 scrolls of enchant armour {unknown}
Potions
 d - a potion of might
 g - 2 potions of haste {unknown}
 i - a potion of curing {unknown}
 m - a potion of flight {unknown}
 n - 2 potions of magic {unknown}
 o - 2 potions of brilliance {unknown}


   Skills:
 * Level 4.2 Fighting
 * Level 3.9 Axes
 * Level 4.8 Armour
 + Level 0.5 Dodging
 - Level 3.6 Shields


You had 3 spell levels left.
You didn't know any spells.
Your spell library contained the following spells:

 Spells                   Type           Power      Damage    Failure   Level
 Ensorcelled Hibernation  Hex/Ice        0%         N/A       95%         2
 Passwall                 Tmut/Erth      0%         N/A       95%         2
 Gell's Gravitas          Tloc           0%         N/A       99%         3
 Lesser Beckoning         Tloc           0%         N/A       99%         3
 Swiftness                Air            0%         N/A       99%         3
 Teleport Other           Tloc           0%         N/A       99%         3


Dungeon Overview and Level Annotations

Branches:
Dungeon (4/15)
 Temple: D:4-7

Altars:

Annotations:
D:4 Menkaure


Innate Abilities, Weirdness & Mutations

You have a pair of horns on your head.
You reflexively headbutt those who attack you in melee.


Message History

The kobold hits you but does no damage.
You closely miss the kobold. The kobold hits you but does no damage.
You hit the kobold.
The kobold is heavily wounded.
You block the kobold's attack.
You hit the kobold.
You kill the kobold!
Things that are here:
a +0 whip; 3 stones
Found 12 gold pieces.
Found a stone staircase leading up.
Menkaure, Prince of Dust comes into view.
An adder skeleton comes into view.
Found a jacinth-encrusted leather armour.
You see here 12 gold pieces.
Menkaure calls on the powers of darkness!
Your body is wracked with pain!
Menkaure casts a spell at you.
You barely resist. You slash Menkaure!
Menkaure is moderately damaged.
Menkaure calls on the powers of darkness!
Your body is wracked with pain!
* * * LOW HITPOINT WARNING * * *
You hit Menkaure but do no damage.
Menkaure is moderately damaged.
You hit the adder skeleton. You block the adder skeleton's attack.
Menkaure calls on the powers of darkness!
Your body is wracked with pain!
* * * LOW HITPOINT WARNING * * *
You hit Menkaure.
Menkaure is heavily damaged.
You barely miss the adder skeleton. You block the adder skeleton's attack.
Menkaure gestures wildly while chanting.
Menkaure seems to speed up.
The adder skeleton bites you but does no damage.
You slash Menkaure!
Menkaure is almost destroyed.
You hit the adder skeleton. Menkaure hits you!
You die...

#..........##>>..
#..........# . .
###......)...###.
.. ............#...
..##...............
#.................#
.................
#M..............
#.@........##...
###Z.#.#..#.....
.######........#..
.......$.##.###...
#.............[ ..
..#..........## .
....##.........
#### #.........
.......##<.


You could see Menkaure (fast) and an adder skeleton.

Vanquished Creatures
  A worm (D:2)
  4 dart slugs
  9 orcs (D:3)
  8 endoplasms
  A giant cockroach (D:1)
  7 goblins
  5 hobgoblins
  A quokka (D:3)
  9 ball pythons
  7 bats
  5 frilled lizards
  5 kobolds
  3 rats
65 creatures vanquished.

Notes
Turn   | Place    | Note
-------+----------+-------------------------------------------
     0 | D:1      | Sanktem7 the Minotaur Fighter began the quest for the Orb.
     0 | D:1      | Reached XP level 1. HP: 19/19 MP: 0/0
   367 | D:1      | Reached XP level 2. HP: 22/27 MP: 1/1
   832 | D:1      | Reached XP level 3. HP: 33/33 MP: 2/2
  1330 | D:2      | Found a faded altar of an unknown god.
  2152 | D:3      | Reached XP level 4. HP: 23/40 MP: 3/3
  2745 | D:4      | Noticed Menkaure
  2754 | D:4      | Slain by Menkaure

Illustrated notes

Levels and vault maps discovered:
D:1:      giann_forest_graveyard, layout_basic
D:2:      layout_rooms, basic_ecumenical_altar
D:3:      layout_rooms
D:4:      layout_rooms, minmay_overflow_temple_star_quad, grunt_gozag_statues,
          mainiacjoe_overflow_surrounded_room, kennysheep_mini,
          minmay_temple_entry_purple_smoke, enter_ossuary_4, uniq_menkaure,
          uniq_ijyb

Skill      XL: |  1  2  3 |
---------------+----------+-----
Armour         | 4 |  4.8
Axes           | 3 |  3.9
Fighting       | 4 |  4.2
Dodging        | |  0.5
Shields        | |  3.6

Action                   |  1- 3 |  4- 6 || total
-------------------------+-------+-------++-------
Melee: War axe           |   123 |    22 ||   145
       Headbutt          |    14 |     4 ||    18
Armor: Scale mail        |    63 |     7 ||    70
Dodge: Dodged            |    59 |     7 ||    66
Block: Buckler           |    24 |     7 ||    31
